 Dungeon Crawl Stone Soup version 0.31.0-9-g3a7656b989 (webtiles) character file.

Game seed: 10612286064211271100

1188 qw the Skirmisher (level 8, -1/66 HPs)
             Began as a Demigod Hunter on Feb 2, 2024.
             Slain by a hornet (8 damage)
             ... on level 6 of the Dungeon.
             The game lasted 00:00:21 (4220 turns).

qw the Skirmisher (Demigod Hunter)                  Turns: 4220, Time: 00:00:21

Health: -1/66      AC:  7    Str: 18    XL:     8   Next: 0%
Magic:  0/10       EV: 14    Int: 11    God:
Gold:   321        SH:  0    Dex: 25    Spells: 7/7 levels left

rFire   . . .        o - +5 arbalest (flame)
rCold   . . .        (shield currently unavailable)
rNeg    + . .        k - +0 ring mail
rPois   .            g - +1 helmet
rElec   .            (no cloak)
rCorr   .            (no gloves)
SInv    .            (no boots)
Will    .....        b - amulet of guardian spirit
Stlth   ++           e - ring of positive energy
HPRegen 0.31/turn    f - +6 ring of strength
MPRegen 0.12/turn

%: guardian spirit
@: lethally poisoned (-1 -> -3), slowed, very slow
A: high MP 1, forlorn, divine attributes, wild magic 1
a: no special abilities


You were on level 6 of the Dungeon.
You visited 1 branch of the dungeon, and saw 6 of its levels.

You collected 397 gold pieces.
You spent 76 gold pieces at shops.


Innate Abilities, Weirdness & Mutations

You have an increased reservoir of magic. (+10% MP)
You shall have no god before yourself.
Your divine heritage dramatically boosts your attributes as you level up.
Your spells are a little harder to cast, but a little more powerful.


   Skills:
 + Level 3.6 Fighting
 - Level 8.1 Ranged Weapons
 - Level 1.2 Armour
 - Level 4.1 Dodging
 - Level 0.8 Stealth


You had 7 spell levels left.
You didn't know any spells.
Your spell library was empty.

Inventory:

Hand Weapons
 o - a +5 arbalest of flaming (weapon)
Armour
 g - a +1 helmet (worn)
 k - a +0 ring mail (worn)
Jewellery
 b - an amulet of guardian spirit (around neck)
 e - a ring of positive energy (left hand)
 f - a +6 ring of strength (right hand)
Wands
 i - a wand of flame (23)
 m - a wand of mindburst (24)
Scrolls
 n - a scroll of teleportation
Potions
 d - 2 potions of mutation
 j - a potion of curing

Dungeon Overview and Level Annotations

Branches:
Dungeon (6/15)             Temple (0/1) D:4

Shops:
D:2 !=:*


Message History

As you read the scroll of enchant armour, it crumbles to dust.
Your +0 helmet glows green for a moment.
Done exploring.
What level of the Dungeon? (default 5, ? - help)
There is an open door here.
There is a stone staircase leading down here.
You climb downwards.
Found a club, a spear, a dagger and a leather armour.
There is a stone staircase leading up here.
Waypoint 5 assigned to D:6.
Found a stone staircase leading down.
Found a robe.
A hornet comes into view.
Found a stone staircase leading up and a stone staircase leading down.
You shoot a bolt. The bolt barely misses the hornet.
You shoot a bolt. The bolt misses the hornet.
The hornet stings you.
You are poisoned.
You feel yourself slow down. The hornet barely misses you.
The hornet stings you!
You feel as though you will be slow longer.
You shoot a bolt. The bolt hits the hornet.
The bolt burns the hornet.
The hornet is lightly wounded.
You feel very sick.
The hornet barely misses you. x2; The hornet stings you!
You feel as though you will be slow longer.
You shoot a bolt. The bolt completely misses the hornet.
You feel very sick. The hornet misses you. The hornet stings you!
You feel as though you will be slow longer.
The hornet barely misses you. The hornet stings you!
You feel as though you will be slow longer.
You shoot a bolt. The bolt hits the hornet!
The bolt burns the hornet.
The hornet is severely wounded.
You feel sick. The hornet stings you!
You feel as though you will be slow longer.
The hornet stings you.
You feel as though you will be slow longer.
The hornet stings you!
You die...

#.........).......
#......)........
#.#...............
.......<..........
....#............#
................##
..................
....###.##...#####
.... ...#@...# ...
..###y#..# ##....
..#..# #.# #>$...#
#. ..#...# ...
..## [... ... ..<.
..>


You could see a hornet.

Vanquished Creatures
  A sky beast (D:5)
  2 black bears
  An ice beast (D:4)
  An ogre (D:5)
  2 phantoms (D:4)
  A scorpion (D:4)
  2 bombardier beetles (D:5)
  4 hounds
  An orc priest (D:4)
  A sleepcap (D:5)
  Natasha (twice) (D:4)
  An iguana (D:5)
  Robin (D:3)
  2 gnolls (D:4)
  6 adders
  A white imp (D:5)
  2 ufetubi (D:5)
  2 dart slugs (D:1)
  2 ribbon worms
  7 orcs
  6 endoplasms
  3 giant cockroaches
  16 goblins
  13 hobgoblins
  3 kobolds
  3 quokkas
  8 ball pythons
  5 bats (D:1)
  6 frilled lizards
  5 rats
110 creatures vanquished.

Notes
Turn   | Place    | Note
-------+----------+-------------------------------------------
     0 | D:1      | qw the Demigod Hunter began the quest for the Orb.
     0 | D:1      | Reached XP level 1. HP: 17/17 MP: 3/3
     0 | D:1      | 0 ||| qw: Version: 0.3-a-155-g5e7d8dd
     0 | D:1      | 0 ||| qw: Game counter: 257
     0 | D:1      | 0 ||| qw: Melee chars always use a shield: true
     0 | D:1      | 0 ||| qw: God list: Okawaru
     0 | D:1      | 0 ||| qw: Allow faded altars: false
     0 | D:1      | 0 ||| qw: Do Orc after clearing Dungeon:15 true
     0 | D:1      | 0 ||| qw: Do second Lair branch before Depths: true
     0 | D:1      | 0 ||| qw: Lair rune preference: random
     0 | D:1      | 0 ||| qw: Goals: Normal
     0 | D:1      | 0 ||| PLANNING D:1-11
   188 | D:1      | Reached skill level 4 in Ranged Weapons
   215 | D:1      | Reached XP level 2. HP: 24/24 MP: 4/4
   432 | D:1      | Reached XP level 3. HP: 29/29 MP: 5/5
   580 | D:1      | 580 ||| UPGRADING to +0 helmet.
   585 | D:1      | 585 ||| DROPPING amulet of magic regeneration.
   586 | D:1      | 586 ||| UPGRADING to ring of positive energy.
   587 | D:1      | 587 ||| READING 2 scrolls labelled WETEYL COSIFF.
   587 | D:1      | 587 ||| IDENTIFYING blue potion
   588 | D:1      | 588 ||| READING scroll of identify.
   588 | D:1      | 588 ||| IDENTIFYING red potion
   589 | D:1      | 589 ||| READING 2 scrolls labelled TIRCHE IWOMU.
   590 | D:1      | 590 ||| DROPPING scroll of butterflies.
   591 | D:1      | 591 ||| DROPPING scroll of immolation.
   592 | D:1      | 592 ||| DROPPING potion of invisibility.
   850 | D:2      | Found Wuiziug's Distillery.
   962 | D:2      | 962 ||| SHOPLISTING 2 potions of haste (200 gold, have 48).
   962 | D:2      | 962 ||| BUYING potion of curing (30 gold).
   962 | D:2      | Bought a potion of curing for 30 gold pieces
   962 | D:2      | 962 ||| SHOPLISTING potion of curing (30 gold, have 18).
   962 | D:2      | 962 ||| SHOPLISTING potion of enlightenment (50 gold, have
                  | 18).
   962 | D:2      | 962 ||| SHOPLISTING potion of heal wounds (50 gold, have
                  | 18).
   963 | D:2      | Found Jodof's Jewellery Shoppe.
   984 | D:2      | 984 ||| SHOPLISTING +6 ring of strength (360 gold, have
                  | 28).
   984 | D:2      | 984 ||| SHOPLISTING ring of protection from cold (250 gold,
                  | have 28).
   984 | D:2      | 984 ||| SHOPLISTING ring of protection from fire (250 gold,
                  | have 28).
   984 | D:2      | 984 ||| SHOPLISTING ring of see invisible (150 gold, have
                  | 28).
   984 | D:2      | 984 ||| SHOPLISTING ring of willpower (250 gold, have 28).
  1001 | D:2      | Found Yhio's Book Boutique.
  1011 | D:2      | Found Cargh's Assorted Antiques.
  1025 | D:2      | Reached skill level 5 in Ranged Weapons
  1066 | D:2      | Reached XP level 4. HP: 36/36 MP: 6/6
  1083 | D:2      | 1083 ||| SHOPLISTING runed robe (85 gold, have 47).
  1083 | D:2      | 1083 ||| BUYING scroll labelled INGYOS EROA (23 gold).
  1083 | D:2      | Bought a scroll labelled INGYOS EROA for 23 gold pieces
  1083 | D:2      | 1083 ||| BUYING scroll labelled INGYOS EROA (23 gold).
  1083 | D:2      | Bought a scroll labelled INGYOS EROA for 23 gold pieces
  1083 | D:2      | 1083 ||| SHOPLISTING scroll labelled MOFUMI BOUDU (23 gold,
                  | have 1).
  1083 | D:2      | 1083 ||| SHOPLISTING scroll of identify (46 gold, have 1).
  1203 | D:2      | 1203 ||| DROPPING +6 ring of intelligence.
  1204 | D:2      | 1204 ||| READING scroll labelled TOOQODEGYI.
  1204 | D:2      | Identified a scroll of acquirement
  1204 | D:2      | 1204 ||| ACQUIRING amulet of guardian spirit
  1204 | D:2      | Acquired an amulet of guardian spirit
  1206 | D:2      | 1206 ||| UPGRADING to amulet of guardian spirit.
  1211 | D:2      | 1211 ||| READING scroll labelled XYETUVAYDU.
  1212 | D:2      | 1212 ||| READING scroll labelled AJAERE MAEQY.
  1215 | D:2      | 1215 ||| READING 2 scrolls labelled INGYOS EROA.
  1216 | D:2      | 1216 ||| DRINKING 2 lumpy red potions.
  1216 | D:2      | Gained mutation: Your spells are a little harder to cast,
                  | but a little more powerful. [potion of mutation]
  1217 | D:2      | 1217 ||| DRINKING 2 golden potions.
  1242 | D:2      | 1242 ||| DROPPING potion of lignification.
  1243 | D:2      | 1243 ||| DROPPING scroll of blinking.
  1457 | D:3      | Noticed a shining eye
  1461 | D:3      | Noticed a glass eye
  1464 | D:3      | Noticed a glass eye
  1464 | D:3      | Noticed a golden eye
  1883 | D:3      | Noticed Robin
  1898 | D:3      | Killed Robin
  1898 | D:3      | HP: 6/36 [goblin/+0 dagger[Robin] (4)]
  1900 | D:3      | HP: 1/36 [orc/+0 flail (4)]
  2256 | D:3      | 2256 ||| UPGRADING to +6 ring of strength.
  2347 | D:4      | Reached XP level 5. HP: 41/41 MP: 7/7
  2366 | D:4      | Reached skill level 6 in Ranged Weapons
  2430 | D:4      | Reached skill level 3 in Fighting
  2443 | D:4      | Noticed an ice beast
  2444 | D:4      | 2444 ||| DRINKING potion of haste.
  2453 | D:4      | Killed an ice beast
  2454 | D:4      | Reached skill level 3 in Dodging
  2454 | D:4      | Reached XP level 6. HP: 35/51 MP: 5/8
  2530 | D:4      | Found a staircase to the Ecumenical Temple.
  2532 | D:4      | 2532 ||| FLEEEEING.
  2533 | D:4      | 2533 ||| FLEEEEING.
  2534 | D:4      | 2534 ||| FLEEEEING.
  2536 | D:4      | 2536 ||| FLEEEEING.
  2537 | D:4      | 2537 ||| FLEEEEING.
  2538 | D:4      | 2538 ||| FLEEEEING.
  2539 | D:4      | 2539 ||| FLEEEEING.
  2540 | D:4      | 2540 ||| FLEEEEING.
  2541 | D:4      | 2541 ||| FLEEEEING.
  2542 | D:4      | 2542 ||| FLEEEEING.
  2746 | D:4      | Noticed Natasha
  2763 | D:4      | Killed Natasha
  2967 | D:4      | 2967 ||| READING scroll of acquirement.
  2967 | D:4      | 2967 ||| ACQUIRING +4 arbalest of flaming
  2967 | D:4      | Acquired a +4 arbalest of flaming
  2969 | D:4      | 2969 ||| SWAPPING to +4 arbalest of flaming.
  2970 | D:4      | 2970 ||| DROPPING +0 shortbow.
  3137 | D:4      | Reached skill level 7 in Ranged Weapons
  3248 | D:4      | Noticed Natasha
  3251 | D:4      | 3251 ||| ZAPPING wand of mindburst (19) at -6,-2 (Natasha;
                  | floor).
  3251 | D:4      | Killed Natasha
  3252 | D:4      | Reached XP level 7. HP: 55/57 MP: 9/9
  3252 | D:4      | 3252 ||| ZAPPING wand of mindburst (18) at -6,-2 (scorpion;
                  | floor).
  3448 | D:4      | 3448 ||| READING 2 scrolls of identify.
  3448 | D:4      | 3448 ||| IDENTIFYING lumpy amethyst potion
  3449 | D:4      | 3449 ||| READING scroll of identify.
  3449 | D:4      | 3449 ||| IDENTIFYING scroll labelled UCZOMO VALU
  3450 | D:4      | 3450 ||| READING scroll of enchant weapon.
  3450 | D:4      | 3450 ||| ENCHANTING +4 arbalest of flaming.
  3451 | D:4      | 3451 ||| READING scroll labelled IBBASA JAEDEMN.
  3452 | D:4      | 3452 ||| DROPPING potion of degeneration.
  3465 | D:5      | Entered Level 5 of the Dungeon
  3913 | D:5      | Reached skill level 8 in Ranged Weapons
  4144 | D:5      | Reached skill level 1 in Armour
  4146 | D:5      | Reached XP level 8. HP: 66/66 MP: 10/10
  4153 | D:5      | 4153 ||| UPGRADING to +0 ring mail.
  4163 | D:5      | 4163 ||| DROPPING +0 leather armour.
  4164 | D:5      | 4164 ||| READING scroll of identify.
  4164 | D:5      | 4164 ||| IDENTIFYING scroll labelled JAURAI QASIG
  4165 | D:5      | 4165 ||| READING scroll of enchant armour.
  4165 | D:5      | 4165 ||| ENCHANTING +0 helmet.
  4215 | D:6      | Noticed a hornet
  4220 | D:6      | HP: 10/66 [hornet (11)]
  4220 | D:6      | Slain by a hornet

Levels and vault maps discovered:
D:1:      dpeg_arrival_three_smaller_balls, layout_basic, serial_bayou_pond_b,
          minmay_split_cup_large
D:2:      layout_rooms, basic_altar, serial_shops, shop,
          nicolae_shop_tiny_glass, shop, shop
D:3:      layout_basic, hellmonk_ecumenical_altar_watching_god,
          corexii_leaking_fountain, nicolae_elevator_lobby_asterisk, uniq_robin
D:4:      layout_basic, minmay_temple_entry_proselytizer, dreamdust_gnoll_farm,
          uniq_natasha
D:5:      layout_cave_pools, kennysheep_small_square
D:6:      layout_rooms

Skill      XL: |  1  2  3  4  5  6  7 |
---------------+----------------------+-----
Ranged Weapons | 4 5 6 7 8 |  8.1
Fighting       | 2 3 |  3.6
Dodging        | 2 3 4 |  4.1
Armour         | 1 |  1.2
Stealth        | |  0.8

Action                     |  1- 3 |  4- 6 |  7- 9 || total
---------------------------+-------+-------+-------++-------
   Fire: Shortbow          |   143 |   144 |       ||   287
         Arbalest          |       |     8 |    47 ||    55
  Evoke: Wand              |       |     1 |     1 ||     2
    Use: Scroll            |     3 |     5 |     6 ||    14
         Potion            |       |     3 |       ||     3
 Armour: Leather armour    |    47 |    44 |    17 ||   108
         Ring mail         |       |       |     8 ||     8
  Dodge: Dodged            |    50 |    48 |    17 ||   115

Table legend:
 A = Non-vault XP
 B = Vault XP
 C = Vault XP percentage of total XP
 D = Non-vault monster count
 E = Vault monster count
 F = Vault count percentage of total count
                 A         B        C        D         E       F
            +---------+---------+-------+---------+---------+-------
      Total |    1230 |     468 |  27.6 |      81 |      29 |  26.4
            +---------+---------+-------+---------+---------+-------
        D:1 |      41 |      17 |  29.3 |      25 |       8 |  24.2
        D:2 |      69 |       0 |   0.0 |      14 |       0 |   0.0
        D:3 |      46 |      35 |  43.2 |      13 |      12 |  48.0
        D:4 |     657 |     196 |  23.0 |      18 |       6 |  25.0
        D:5 |     417 |     220 |  34.5 |      11 |       3 |  21.4
            +---------+---------+-------+---------+---------+-------
